 Dungeon Crawl Stone Soup version 0.26-a0-651-gb41185065b (webtiles) character file.

Game seed: 11543363101042893802

(classic levelgen) 3355 EnegeticOcto the Cleaver (level 9, -8/82 HPs)
             Began as a Deep Dwarf Fighter on Oct 17, 2020.
             Was a Follower of Makhleb.
             Mangled by an ogre
             ... wielding a +0 giant club
              (25 damage)
             ... on level 6 of the Dungeon.
             The game lasted 00:02:44 (2238 turns).

EnegeticOcto the Cleaver (Deep Dwarf Fighter)       Turns: 2238, Time: 00:02:45

Health: -8/82      AC: 14    Str: 24    XL:     9   Next: 73%
Magic:  9/9        EV:  8    Int:  8    God:    Makhleb [*.....]
Gold:   196        SH: 11    Dex: 12    Spells: 8/8 levels left

rFire    . . .     SeeInvis .   a - +1 war axe
rCold    . . .     Faith    .   c - +0 kite shield
rNeg     . . .     Spirit   .   b - +0 scale mail
rPois    .         Reflect  .   o - +2 helmet
rElec    .         Harm     +   f - scarf {harm}
rCorr    .         Rampage  .   t - +2 pair of gloves
MR       +....                  (no boots)
Stlth    ..........             (no amulet)
HPRegen  0.00/turn              (no ring)
MPRegen  0.11/turn              (no ring)

@: non-regenerating
A: damage resistance, heal wounds, sense surroundings 2, no regeneration
a: Heal Wounds, Renounce Religion


You were on level 6 of the Dungeon.
You worshipped Makhleb.
Makhleb was aware of your devotion.
You visited 1 branch of the dungeon, and saw 6 of its levels.

You collected 294 gold pieces.
You spent 98 gold pieces at shops.

Inventory:

Hand Weapons
 a - a +1 war axe (weapon)
Armour
 b - a +0 scale mail (worn)
 c - a +0 kite shield (worn)
 f - a scarf of harm (worn)
 o - a +2 helmet (worn)
 t - a +2 pair of gloves (worn)
Scrolls
 e - a scroll of remove curse {@r2}
 k - 3 scrolls of fear
 l - 2 scrolls of teleportation {@r3}
Potions
 d - 2 potions of might {@q3}
 h - 4 potions of curing {@q1}
 i - 2 potions of degeneration
 j - a potion of haste {@q4}
 m - a potion of invisibility
 n - a potion of lignification {unknown}
 s - a potion of flight {unknown}
 w - a potion of ambrosia {unknown}


   Skills:
 + Level 6.0 Fighting
 * Level 9.4 Axes
 + Level 7.3 Armour
 + Level 7.3 Shields
 + Level 4.9 Invocations


You had 8 spell levels left.
You didn't know any spells.
Your spell library was empty.

Dungeon Overview and Level Annotations

Branches:
Dungeon (6/15)
 Temple: D:4-7

Altars:
Fedhas
Gozag
Makhleb
Wu Jian

Shops:
D:6 **


Innate Abilities, Weirdness & Mutations

You are resistant to damage.
You can heal yourself by infusing magical energy.
You passively map the area around you.
You do not regenerate.


Message History

You block the howler monkey's attack.
You slash the howler monkey!
You kill the howler monkey!
Makhleb accepts your kill.
No target in view!
No target in view!
No target in view!
No target in view!
There is an escape hatch in the ceiling here.
You now have 176 gold pieces (gained 12).
Things that are here:
a +0 dagger; a +0 ring mail; an orc corpse
Things that are here:
a yak corpse; a yak corpse; a yak corpse You see here a yak corpse.
You now have 196 gold pieces (gained 20).
You open the door.
Found Ontyel's General Store.
There is an open door here.
There is an entrance to Ontyel's General Store here.
You can access your shopping list by pressing '$'.
There is an open door here.
An ufetubus comes into view.
The ufetubus shouts!
An ufetubus is nearby!
An ufetubus is nearby!
An ufetubus is nearby!
An ufetubus is nearby!
An ufetubus is nearby!
You slash the ufetubus!
You kill the ufetubus!
Makhleb accepts your kill.
No target in view!
No target in view!
No target in view!
No target in view!
No target in view!
No target in view!
No target in view!
No target in view!
No target in view!
No target in view!
No target in view!
No target in view!
No target in view!
Found 6 atropa-tipped darts.
Found a stone staircase leading down.
i - 2 potions of degeneration (gained 1)
A giant cockroach comes into view.
A giant cockroach is nearby!
A giant cockroach is nearby!
A giant cockroach is nearby!
A giant cockroach is nearby!
A giant cockroach is nearby!
Found a scroll of identify.
You block the giant cockroach's attack.
You slice the giant cockroach!!
You kill the giant cockroach!
Makhleb accepts your kill.
You feel better.
An adder comes into view.
An ogre comes into view. It is wielding a +0 giant club.
The ogre shouts!
The adder hisses angrily.
You closely miss the adder. The adder bites you but does no damage.
You slash the adder!
You kill the adder!
Makhleb accepts your kill. The ogre hits you with a +0 giant club!
Found an escape hatch in the floor.
You see here an adder corpse.
You barely miss the ogre. The ogre hits you with a +0 giant club.
An ogre is nearby!
An ogre is nearby!
An ogre is nearby!
An ogre is nearby!
You hit the ogre.
The ogre is lightly wounded.
You block the ogre's attack.
You closely miss the ogre.
The ogre is lightly wounded.
You hit the ogre but do no damage.
The ogre is lightly wounded.
You block the ogre's attack.
You hit the ogre but do no damage.
The ogre is lightly wounded.
The ogre hits you but does no damage.
You barely miss the ogre.
The ogre is lightly wounded.
The ogre hits you with a +0 giant club!!
* * * LOW HITPOINT WARNING * * *
You are too injured to fight recklessly!
You are too injured to fight recklessly!
You are too injured to fight recklessly!
You are too injured to fight recklessly!
You are too injured to fight recklessly!
You are too injured to fight recklessly!
An ogre is nearby!
You fail to use your ability.
The ogre hits you with a +0 giant club!!
You die...

# #.#...(>.........## ,
* , , #
#.................... ,,
, #
####...#............. ##
##..#............. * *
.# #..........##..., ,
.#######............. ∩,
8 ...........?......## *
*
.<.........#......###...
.......$........@O...# *
.#########..#†.........>
,,, , ,
.########...##..........
,
.....................##.
..###...#####.........#*
......##* ##?.......#
.##.### ##......... ,
.##...#### #....#.##., ,
.........#####...#,* ,*
,*, ,,


You could see an ogre.

Vanquished Creatures
  Pikel (D:5)
  Grinder (D:4)
  Prince Ribbit (D:6)
  Eustachio (D:4)
  5 yaks (D:6)
  2 ice beasts (D:6)
  A sky beast (D:5)
  2 phantoms (D:4)
  2 ogres
  2 centaurs
  2 bullfrogs (D:6)
  A scorpion (D:5)
  2 howler monkeys (D:6)
  An orc priest (D:4)
  4 hounds
  A bullfrog skeleton (D:5)
  Natasha (twice) (D:4)
  3 orc wizards (D:4)
  3 worker ants
  Robin (D:4)
  3 gnolls (D:5)
  2 howler monkey skeletons
  A howler monkey zombie (D:6)
  5 adders
  A shadow imp (D:6)
  A white imp (D:6)
  3 ufetubi
  An adder zombie (D:5)
  An adder skeleton (D:5)
  3 worms
  A dart slug (D:1)
  3 leopard geckos
  13 orcs
  3 bats
  5 giant cockroaches
  13 goblins
  6 hobgoblins
  2 jackals (D:2)
  A quokka (D:4)
  4 frilled lizards
  2 kobolds
  A leopard gecko skeleton (D:5)
  A rat (D:2)
114 creatures vanquished.

Vanquished Creatures (others)
  A fungus (D:2)
  3 plants (D:2)
4 creatures vanquished.

Grand Total: 118 creatures vanquished

Notes
Turn   | Place    | Note
-------+----------+-------------------------------------------
     0 | D:1      | EnegeticOcto the Deep Dwarf Fighter began the quest for the
                  | Orb.
     0 | D:1      | Reached XP level 1. HP: 20/20 MP: 1/1
   145 | D:2      | Reached XP level 2. HP: 25/27 MP: 2/2
   179 | D:2      | Reached skill level 3 in Axes
   222 | D:3      | Reached XP level 3. HP: 25/33 MP: 3/3
   334 | D:4      | Noticed an ogre
   351 | D:4      | Killed an ogre
   351 | D:4      | Reached skill level 4 in Axes
   351 | D:4      | Reached XP level 4. HP: 33/42 MP: 4/4
   385 | D:4      | Noticed a phantom
   396 | D:4      | Reached XP level 5. HP: 38/49 MP: 5/5
   456 | D:4      | Killed a phantom
   481 | D:4      | Noticed Eustachio
   520 | D:4      | Killed Eustachio
   520 | D:4      | Reached skill level 5 in Axes
   520 | D:4      | Reached XP level 6. HP: 26/57 MP: 6/6
   709 | D:4      | Noticed Grinder
   716 | D:4      | Killed Grinder
   716 | D:4      | Reached skill level 5 in Armour
   716 | D:4      | Reached skill level 5 in Shields
   716 | D:4      | Reached XP level 7. HP: 43/64 MP: 7/7
   802 | D:4      | Reached skill level 6 in Axes
   818 | D:4      | Noticed Robin
   832 | D:4      | Killed Robin
   920 | D:4      | Noticed Natasha
   928 | D:4      | Killed Natasha
  1055 | D:4      | Found an opulent altar of Gozag.
  1065 | D:4      | Noticed Natasha
  1069 | D:4      | Killed Natasha
  1069 | D:4      | Reached XP level 8. HP: 30/73 MP: 8/8
  1126 | D:5      | Entered Level 5 of the Dungeon
  1280 | D:5      | Reached skill level 7 in Axes
  1334 | D:5      | Found a burning altar of Makhleb.
  1351 | D:5      | Became a worshipper of Makhleb the Destroyer
  1357 | D:5      | Reached skill level 1 in Invocations
  1378 | D:5      | Noticed Pikel
  1391 | D:5      | Killed Pikel
  1391 | D:5      | Reached skill level 5 in Fighting
  1397 | D:5      | Reached skill level 8 in Axes
  1551 | D:5      | Found an ornate altar of the Wu Jian Council.
  1934 | D:6      | Found Wuaramuk's Assorted Antiques.
  1935 | D:6      | Noticed Prince Ribbit
  1957 | D:6      | Gained mutation: You passively map the area around you.
                  | [Deep Dwarf growth]
  1957 | D:6      | Reached XP level 9. HP: 64/81 MP: 11/11
  1970 | D:6      | Killed Prince Ribbit
  1978 | D:6      | Bought a scroll labeled OKOLANE JEUP for 20 gold pieces
  1978 | D:6      | Bought a scroll labeled QIDUTW SYZET for 20 gold pieces
  1978 | D:6      | Bought a scroll labeled YPSAKUOSKU for 20 gold pieces
  1978 | D:6      | Bought a scroll labeled FOAXUV MUGGELA for 20 gold pieces
  1978 | D:6      | Bought a metallic grey potion for 18 gold pieces
  2018 | D:6      | Reached * piety under Makhleb
  2023 | D:6      | Reached skill level 9 in Axes
  2058 | D:6      | Found a blossoming altar of Fedhas.
  2188 | D:6      | Found Ontyel's General Store.
  2238 | D:6      | Mangled by an ogre

Illustrated notes

Levels and vault maps discovered:
D:1:      dpeg_arrival_water_altar, layout_loops_ring, minivault_4
D:2:      layout_loops_ring, nicolae_ru_the_path_less_chosen
D:3:      minmay_evil_eye, layout_loops_ring
D:4:      kennysheep_spiral_hall, layout_basic, lemuel_doored_altar,
          uniq_grinder, uniq_eustachio, uniq_robin, uniq_natasha
D:5:      layout_basic, overflow_temple_1_default,
          nicolae_overflow_crystal_walls, uniq_pikel
D:6:      layout_rooms, minmay_temple_entry_purple_smoke, serial_shops,
          nicolae_shop_statue_plus, shop_statue, kennysheep_little_box,
          basic_altar, centaur_isle, uniq_prince_ribbit1

Skill      XL: |  1  2  3  4  5  6  7  8  9 |
---------------+----------------------------+-----
Axes           | 3 4 5 6 8 9 |  9.4
Fighting       | 3 4 5 6 |  6.0
Armour         | 4 5 6 7 |  7.3
Shields        | 4 5 6 7 |  7.3
Invocations    | 3 4 |  4.9

Action                   |  1- 3 |  4- 6 |  7- 9 || total
-------------------------+-------+-------+-------++-------
Melee: War axe           |    49 |    89 |   251 ||   389
 Abil: Heal Wounds       |     5 |     4 |    13 ||    22
  Use: Scroll            |       |       |    16 ||    16
Armor: Scale mail        |    33 |    86 |   108 ||   227
Dodge: Dodged            |    24 |    59 |    81 ||   164
Block: Kite shield       |    36 |    75 |   158 ||   269

Table legend: (Time is in decaauts)
 A = Elapsed time spent in this place.
 B = Non-inter-level travel time spent in this place.
 C = Inter-level travel time spent in this place.
 D = Time resting spent in this place.
 E = Time spent auto-exploring this place.
 F = Levels seen in this place.
 G = Mean time per level.
                   A        B        C        D        E       F      G
               +--------+--------+--------+--------+--------+-----+--------+
         Total |   2334 |   2221 |    113 |      0 |   1348 |   6 |  389.0 |
       Dungeon |   2334 |   2221 |    113 |      0 |   1348 |   6 |  389.0 |
               +--------+--------+--------+--------+--------+-----+--------+

Top non-repeatable levels by time:
     D:4: 845 daAuts
     D:5: 822 daAuts
     D:6: 315 daAuts
     D:1: 142 daAuts
     D:3: 124 daAuts
     D:2: 83 daAuts
